 Dungeon Crawl Stone Soup version 0.31-a0-1405-g2bb1a01664 (webtiles) character file.

Game seed: 8579434967645521114

5007 Akett the Grappler (level 10, 0/42 (65) HPs)
             Began as a Demonspawn Shapeshifter on Dec 25, 2023.
             Was a Priest of Okawaru.
             Slain by Jeremiah
             ... wielding a +4 trident of draining
              (2 damage)
             ... on level 8 of the Dungeon.
             The game lasted 00:15:58 (7028 turns).

Akett the Grappler (Demonspawn Shapeshifter)        Turns: 7028, Time: 00:15:59

HP:   0/42 (65)     AC:  6    Str: 19    XL:     10   Next: 29%
MP:   0/14          EV: 11    Int: 11    God:    Okawaru [***...]
Gold: 259           SH:  0    Dex: 12    Spells: 9/9 levels left

rFire   + .          .
                       - Unarmed
rCold   . . .        (no shield)
rNeg    . . .        a - +1 ring mail {rF+}
rPois   .            (helmet currently unavailable)
rElec   .            (cloak currently unavailable)
rCorr   .            (gloves currently unavailable)
SInv    .            (boots unavailable)
Will    .....        k - amulet of guardian spirit
Stlth   +            (no ring)
HPRegen 0.27/turn    (no ring)
MPRegen 0.14/turn

%: guardian spirit
@: brilliant, beast-form, on berserk cooldown, very heavily drained
A: beast (slay +4), hooves 3, horns 1, powered by death 2, demonic touch 2
a: Begin Untransformation, Renounce Religion, Heroism


You were on level 8 of the Dungeon.
You worshipped Okawaru.
Okawaru was most pleased with you.
You were a hulking beast.
You visited 1 branch of the dungeon, and saw 8 of its levels.

You collected 259 gold pieces.

Inventory:

Missiles
 t - 2 atropa-tipped darts
Armour
 a - a +1 ring mail of fire resistance (worn)
 j - a +2 cloak of preservation
 s - a +0 pair of gloves
Jewellery
 f - a ring of resist corrosion
 k - an amulet of guardian spirit (around neck)
Talismans
 c - a beast talisman (active)
 d - a flux talisman
Wands
 o - a wand of flame (36)
Scrolls
 h - a scroll of poison
 p - a scroll of amnesia
 r - a scroll of fog
Potions
 b - 3 potions of lignification
 e - a potion of mutation
 g - a potion of magic
 i - a potion of haste
 l - 3 potions of ambrosia
 m - a potion of heal wounds


   Skills:
 - Level 1.0 Fighting
 - Level 1.7 Dodging
 * Level 10.8 Unarmed Combat
 + Level 5.3 Invocations
 * Level 8.2 Shapeshifting


You had 9 spell levels left.
You didn't know any spells.
Your spell library contained the following spells:

 Spells                   Type           Power      Damage    Failure   Level
 Ensorcelled Hibernation  Hex/Ice        0%         N/A       67%         2
 Passwall                 Alch/Erth      0%         N/A       67%         2
 Sublimation of Blood     Necr           0%         N/A       67%         2
 Swiftness                Air            0%         N/A       88%         3
 Leda's Liquefaction      Alch/Erth      0%         N/A       99%         4
 Passage of Golubria      Tloc           0%         N/A       99%         4
 Petrify                  Alch/Erth      0%         N/A       99%         4
 Irradiate                Conj/Alch      0%         3d11      100%        5
 Lee's Rapid Deconstruct  Erth           0%         3d4*      100%        5
 Silence                  Hex/Air        0%         N/A       100%        5
 Bombard                  Conj/Erth      0%         9d1       100%        6
 Lehudib's Crystal Spear  Conj/Erth      0%         10d2      100%        8
 Animate Armour           Summ/Erth      Unusable   N/A       N/A         4
 Summon Lightning Spire   Summ/Air       Unusable   N/A       N/A         4

Dungeon Overview and Level Annotations

Branches:
Dungeon (8/15)             Temple (0/1) D:6
   Lair: D:8-11

Altars:
Ashenzari
Cheibriados
Hepliaklqana
Kikubaaqudgha
Okawaru
Trog
Vehumet
Xom

Annotations:
D:8 Jeremiah


Innate Abilities, Weirdness & Mutations

You are a hulking beast.
Your limbs bulge with bestial killing power. (Slay +4)
You have hooves in place of feet.
You have a pair of small horns on your head.
You regenerate health from kills.
Your touch may inflict irresistible damage on your foes.


Message History

Your +1 ring mail of fire resistance unmelds from your body.
You feel resistant to fire.
You turn into a hulking beast.
Jeremiah misses you.
You closely miss the butterfly.
The butterfly disappears in a burst of colours!
Jeremiah barely misses you.
Jeremiah hits you from afar with a +4 trident of draining.
You feel drained.
You punch the butterfly!
You kill the butterfly!
The butterfly disappears in a burst of colours!
You feel yourself speed up.
Jeremiah hits you from afar with a +4 trident of draining.
You feel drained.
You closely miss the butterfly. Your headbutt misses the butterfly.
Your touch misses the butterfly. Your punch misses the butterfly.
Jeremiah hits you but does no damage.
You feel drained.
You miss the butterfly. You kick the butterfly.
You kill the butterfly!
The butterfly disappears in a burst of colours!
The wolf stops to sniff the ground.
The wolf barely misses you.
You hit the wolf. Your headbutt misses the wolf. Your touch misses the wolf.
The wolf is moderately wounded.
Jeremiah hits you from afar with a +4 trident of draining.
You feel drained. The wolf bites you.
You punch the wolf! You headbutt the wolf.
The wolf is severely wounded.
The butterfly disappears in a burst of colours! x2
The wolf misses you. Jeremiah closely misses you.
You miss the wolf. Your kick misses the wolf. Your punch misses the wolf.
The wolf is severely wounded.
The wolf bites you!
* * * LOW HITPOINT WARNING * * *
The wolf bites you.
* * * LOW HITPOINT WARNING * * *
Jeremiah hits you from afar with a +4 trident of draining!
* * * LOW HITPOINT WARNING * * *
You feel drained.
You die...
Jeremiah asks, "Is it over?
Can I wake up now?"

#.......! ##........
##......... ####..........
## #...b##......# #.##
#bb.## ..#..## #..##
##Fb..###..###
#...####b#....# #.#
#...##h##....# ..
#....h####...# #.##
#####....## ##..# ..####
#.........## #.## #.....
#..........# #.# #.....
##...#.##### #.#### #.....
#..#..########....###.....
##..#..#...............#.##
#......#..8.8.8.8....####.#


You could see Jeremiah and a wolf.

Vanquished Creatures
  A hydra (D:8)
  A troll (D:8)
  Prince Ribbit (D:7)
  A steam dragon (D:7)
  Menkaure (D:6)
  Edmund (D:6)
  4 water moccasins (D:7)
  Duvessa (D:7)
  An orc warrior (D:6)
  4 black bears
  2 sky beasts (D:7)
  2 ice beasts
  3 ogres
  2 phantoms
  3 wolves (D:8)
  A bullfrog (D:7)
  A gnoll sergeant (D:6)
  2 scorpions
  4 wights
  Dowan (D:7)
  A killer bee (D:7)
  A howler monkey (D:5)
  4 hounds
  5 bombardier beetles
  A jelly (D:7)
  Crazy Yiuf (D:4)
  3 iguanas
  2 orc priests
  3 gnoll boudas
  2 sleepcaps
  Jessica (D:2)
  4 orc wizards
  9 adders
  9 gnolls
  A shadow imp (D:7)
  A white imp (D:6)
  2 ufetubi (D:6)
  A worm (D:3)
  2 dart slugs
  24 orcs
  8 bats
  13 endoplasms
  2 giant cockroaches
  7 goblins
  6 hobgoblins
  10 jackals
  4 quokkas
  6 ball pythons
  4 frilled lizards
  5 kobolds
  4 rats
  A spectral hobgoblin (D:5)
184 creatures vanquished.

Notes
Turn   | Place    | Note
-------+----------+-------------------------------------------
     0 | D:1      | Akett the Demonspawn Shapeshifter began the quest for the
                  | Orb.
     0 | D:1      | Reached XP level 1. HP: 15/15 MP: 1/1
   139 | D:1      | Reached skill level 3 in Unarmed Combat
   176 | D:1      | Discovered your monstrous ancestry.
   176 | D:1      | Gained mutation: You have large cloven feet. [demonic
                  | ancestry]
   176 | D:1      | Reached XP level 2. HP: 16/21 MP: 2/2
   609 | D:2      | Noticed Jessica
   615 | D:2      | Killed Jessica
   616 | D:2      | Gained mutation: You regenerate a little health from kills.
                  | [demonic ancestry]
   616 | D:2      | Reached XP level 3. HP: 26/26 MP: 3/3
   751 | D:2      | Gained mutation: You have hoof-like feet. [demonic
                  | ancestry]
   751 | D:2      | Reached XP level 4. HP: 26/32 MP: 4/4
   788 | D:2      | Reached skill level 4 in Unarmed Combat
  1817 | D:3      | Reached XP level 5. HP: 32/37 MP: 5/5
  1842 | D:3      | Found a faded altar of an unknown god.
  2413 | D:4      | Reached skill level 5 in Unarmed Combat
  2475 | D:4      | Found a runed translucent door.
  2476 | D:4      | Noticed Crazy Yiuf
  2486 | D:4      | Killed Crazy Yiuf
  2487 | D:4      | Gained mutation: You have a pair of small horns on your
                  | head. [demonic ancestry]
  2487 | D:4      | Reached XP level 6. HP: 17/43 MP: 2/6
  2616 | D:4      | Found an ancient bone altar of Kikubaaqudgha.
  2649 | D:4      | Found a broken altar of Ashenzari.
  3049 | D:4      | Found a bloodstained altar of Trog.
  3150 | D:5      | Entered Level 5 of the Dungeon
  3163 | D:5      | Reached skill level 6 in Unarmed Combat
  3167 | D:5      | Gained mutation: Your touch may inflict minor irresistible
                  | damage on your foes. [demonic ancestry]
  3167 | D:5      | Reached XP level 7. HP: 18/48 MP: 1/7
  3370 | D:5      | Found a snail-covered altar of Cheibriados.
  3541 | D:5      | Reached skill level 7 in Unarmed Combat
  3541 | D:5      | Reached skill level 5 in Shapeshifting
  3659 | D:5      | Found a hazy altar of Hepliaklqana.
  3766 | D:5      | Gained mutation: Your touch may inflict irresistible damage
                  | on your foes. [demonic ancestry]
  3766 | D:5      | Reached XP level 8. HP: 37/54 MP: 4/8
  4055 | D:5      | Reached skill level 8 in Unarmed Combat
  4665 | D:6      | Reached skill level 9 in Unarmed Combat
  4881 | D:6      | Noticed Edmund
  4888 | D:6      | Killed Edmund
  4989 | D:6      | Gained mutation: You regenerate health from kills. [demonic
                  | ancestry]
  4989 | D:6      | Reached XP level 9. HP: 59/59 MP: 9/9
  5055 | D:6      | Found an iron altar of Okawaru.
  5063 | D:6      | Became a worshipper of Warmaster Okawaru
  5238 | D:6      | Found a staircase to the Ecumenical Temple.
  5290 | D:6      | Noticed Menkaure
  5293 | D:6      | Killed Menkaure
  5294 | D:6      | Reached skill level 1 in Invocations
  5318 | D:6      | Found a radiant altar of Vehumet.
  5653 | D:7      | Noticed Prince Ribbit
  5666 | D:7      | Killed Prince Ribbit
  5666 | D:7      | Reached * piety under Okawaru
  5828 | D:7      | Reached skill level 10 in Unarmed Combat
  5935 | D:7      | Noticed Duvessa
  5943 | D:7      | Killed Duvessa
  5945 | D:7      | Noticed Dowan
  5949 | D:7      | Killed Dowan
  6181 | D:7      | Reached ** piety under Okawaru
  6207 | D:7      | Found a shimmering altar of Xom.
  6276 | D:7      | Gained mutation: You have hooves in place of feet. [demonic
                  | ancestry]
  6276 | D:7      | Reached XP level 10. HP: 51/65 MP: 8/13
  6976 | D:8      | Noticed Jeremiah
  6976 | D:8      | Noticed a five-headed hydra
  6995 | D:8      | Killed a five-headed hydra
  6996 | D:8      | Reached skill level 5 in Invocations
  6998 | D:8      | Reached *** piety under Okawaru
  7028 | D:8      | HP: 2/44 [Jeremiah/+4 trident of draining (7)]
  7028 | D:8      | Slain by Jeremiah

Illustrated notes

Levels and vault maps discovered:
D:1:      dpeg_arrival_rhombi, layout_rooms
D:2:      layout_loops_cross, uniq_jessica
D:3:      layout_basic, dilly_ecumenical_altar_fadedgnrine
D:4:      layout_gridville, overflow_temple_1_default, lemuel_tele_altar,
          mainiacjoe_overflow_concentric_impassable, uniq_crazy_yiuf_cottage
D:5:      kb_forest_paths, layout_basic, nicolae_overflow_hidden_temple,
          lemuel_crystal_altar, nicolae_hepliaklqana_monster_ancestors,
          kennysheep_generic_room_11
D:6:      layout_loops_ring, vehumet_crystals, mainiacjoe_overflow_paths,
          lemuel_temple_firewalk_b, uniq_menkaure, uniq_edmund
D:7:      layout_loops_ring, tgw_xom, kennysheep_flooded_box,
          uniq_prince_ribbit1, uniq_duvessa
D:8:      layout_cave_pods, grunt_gozag_breadcrumbs, fedhas_altar_3,
          erik_lair_island, serial_column_ruins, column_ruins_hut,
          column_ruins_hut, column_ruins_open_small, column_ruins_open_tiny,
          column_ruins_grid_1, column_ruins_open_tiny, column_ruins_columns_T,
          uniq_jeremiah, uniq_maggie

Skill      XL: |  1  2  3  4  5  6  7  8  9 10 |
---------------+-------------------------------+-----
Unarmed Combat | 3 4 5 6 7 9 10 | 10.8
Shapeshifting  | 3 4 5 6 7 8 |  8.2
Invocations    | 4 5 |  5.3
Fighting       | |  1.0
Dodging        | |  1.7

Action                     |  1- 3 |  4- 6 |  7- 9 | 10-12 || total
---------------------------+-------+-------+-------+-------++-------
  Melee: Unarmed           |    66 |   157 |   199 |    31 ||   453
         Kick              |    10 |    41 |    68 |     6 ||   125
         Punch             |       |     5 |     9 |     1 ||    15
         Headbutt          |       |     6 |    40 |     5 ||    51
         Touch             |       |       |    35 |     2 ||    37
    Use: Scroll            |     1 |     5 |    12 |     1 ||    19
         Potion            |       |     4 |     4 |     4 ||    12
   Stab: Sleeping          |     1 |     1 |       |       ||     2
 Armour: Animal skin       |    28 |    79 |    42 |       ||   149
         Ring mail         |       |       |    55 |    20 ||    75
         Skin              |       |       |       |    35 ||    35
  Dodge: Dodged            |    35 |    86 |    91 |    12 ||   224
   Form: Beast             |     1 |       |       |       ||     1

Table legend: (Time is in decaauts)
 A = Elapsed time spent in this place.
 B = Non-inter-level travel time spent in this place.
 C = Inter-level travel time spent in this place.
 D = Time resting spent in this place.
 E = Time spent auto-exploring this place.
 F = Levels seen in this place.
 G = Mean time per level.
                   A        B        C        D        E       F      G
               +--------+--------+--------+--------+--------+-----+--------+
         Total |   7001 |   6709 |    292 |   1006 |   4247 |   8 |  875.1 |
       Dungeon |   7001 |   6709 |    292 |   1006 |   4247 |   8 |  875.1 |
               +--------+--------+--------+--------+--------+-----+--------+

Top non-repeatable levels by time:
     D:5: 1310 daAuts
     D:7: 1137 daAuts
     D:6: 1102 daAuts
     D:3: 984 daAuts
     D:4: 798 daAuts
     D:2: 760 daAuts
     D:1: 588 daAuts
     D:8: 319 daAuts
